 Dungeon Crawl Stone Soup version 0.30.0-10-gfe55d96785 (webtiles) character file.

Game seed: 3644539092491915044

21 qw the Chopper (level 2, -6/19 HPs)
             Began as a Gargoyle Cinder Acolyte on May 17, 2023.
             Was a High Priest of Ignis.
             Mangled by Natasha (13 damage)
             ... on level 2 of the Dungeon.
             The game lasted 00:00:23 (890 turns).

qw the Chopper (Gargoyle Cinder Acolyte)             Turns: 890, Time: 00:00:24

Health: -6/19      AC: 11    Str: 17    XL:     2   Next: 83%
Magic:  3/3        EV:  9    Int: 14    God:    Ignis [*****.]
Gold:   84         SH:  7    Dex:  5    Spells: 3/3 levels left

rFire   + . .        Y - -1 hand axe (flame)
rCold   . . .        h - +2 kite shield
rNeg    + . .        b - +0 robe
rPois   inf          (no helmet)
rElec   +            (no cloak)
rCorr   .            (no gloves)
SInv    .            (no boots)
Will    .....        a - amulet of the acrobat
Stlth   +            (no ring)
HPRegen 0.23/turn    (no ring)
MPRegen 0.08/turn

%: acrobat
@: fiery-armoured, slowed, very slow
A: sickness immunity, AC +2, negative energy resistance 1, electricity
resistance, torment resistance 1, petrification resistance
a: Renounce Religion, Fiery Armour, Foxfire Swarm, Rising Flame


You were on level 2 of the Dungeon.
You worshipped Ignis.
Ignis was extremely pleased with you.
You visited 1 branch of the dungeon, and saw 2 of its levels.

You collected 84 gold pieces.


Innate Abilities, Weirdness & Mutations

You are immune to sickness and miasma.
Your stone body is resilient. (AC +2)
You are immune to poison.
You resist negative energy. (rN+)
You are resistant to electric shocks. (rElec)
You are resistant to unholy torment.
You are immune to petrification.


   Skills:
 - Level 3.2 Fighting
 - Level 3.6 Axes
 + Level 0.1 Shields
 - Level 1.0 Spellcasting
 - Level 3.0 Fire Magic


You had 3 spell levels left.
You didn't know any spells.
Your spell library contained the following spells:

 Spells                   Type           Power      Damage    Failure   Level
 Scorch                   Fire           18%        2d5       36%         2

Inventory:

Hand Weapons
 Y - a -1 hand axe of flaming (weapon)
Armour
 b - a +0 robe (worn)
 h - a +2 kite shield (worn)
Jewellery
 a - an amulet of the acrobat (around neck)
Potions
 g - a potion of resistance {unknown}
 j - a potion of ambrosia {unknown}
 l - a potion of might

Dungeon Overview and Level Annotations

Branches:
Dungeon (2/15)

Altars:

Annotations:
D:2 Natasha


Message History

Natasha's front paws start to glow.
The ball python hisses angrily.
Natasha casts a spell at you.
You feel yourself slow down. Natasha claws you but does no damage.
You hit Natasha. You burn Natasha.
Natasha is moderately wounded.
Natasha casts a spell at you. You resist with significant effort.
Natasha barely misses you. The ball python barely misses you.
The ball python grabs you. The ball python constricts you.
You hit the ball python. You burn the ball python.
You kill the ball python!
You hit Natasha but do no damage.
Natasha drinks a potion.
Natasha seems to grow stronger.
Natasha closely misses you.
You slash Natasha! You burn Natasha.
Natasha is almost dead.
You feel your willpower return.
Natasha mumbles some strange words.
Natasha claws you.
You closely miss Natasha.
Natasha is almost dead.
Natasha claws you. Natasha casts a spell at you.
You feel as though you will be slow longer.
You block the cerulean imp's attack.
You hit Natasha but do no damage.
Natasha is almost dead.
Natasha casts a spell.
The cerulean imp hits you from afar with a +0 spear.
Natasha casts a spell at you. The magic dart hits you.
The cerulean imp hits you from afar with a +0 spear.
890 ||| INVOKING Fiery Armour.
A protective cloak of flame settles atop you.
Natasha completely misses you. You block the cerulean imp's attack.
Natasha claws you!
Ouch! That really hurt!
You die...

#.... .# .....#
###. # .#....###..
.###
........#.####....
..................
..................
#.................
.......<....5.....
#.....>...@h5.....
####..............
#..............
#..............
#...!.....!....
......##........
######.##........
#. .........


You could see Natasha (strong) and 2 cerulean imps.

Vanquished Creatures
  3 ball pythons
  A bat (D:1)
  3 endoplasms (D:1)
  A giant cockroach (D:1)
  4 hobgoblins (D:1)
  2 kobolds (D:1)
  5 rats (D:1)
19 creatures vanquished.

Notes
Turn   | Place    | Note
-------+----------+-------------------------------------------
     0 | D:1      | qw the Gargoyle Cinder Acolyte began the quest for the Orb.
     0 | D:1      | Reached XP level 1. HP: 14/14 MP: 2/2
     0 | D:1      | 0 ||| qw: Version: 0.2-a-95-g206ef33
     0 | D:1      | 0 ||| qw: Game counter: 168
     0 | D:1      | 0 ||| qw: Always use a shield: true
     0 | D:1      | 0 ||| qw: God list: Okawaru
     0 | D:1      | 0 ||| qw: Allow faded altars: false
     0 | D:1      | 0 ||| qw: Do Orc after D:15 true
     0 | D:1      | 0 ||| qw: Do second Lair branch before Depths: true
     0 | D:1      | 0 ||| qw: Lair rune preference: random
     0 | D:1      | 0 ||| qw: Plans: Normal
     0 | D:1      | 0 ||| PLANNING D:1-11
    65 | D:1      | Reached skill level 3 in Axes
   108 | D:1      | Reached XP level 2. HP: 19/19 MP: 3/3
   729 | D:1      | 729 ||| UPGRADING to +0 buckler.
   734 | D:1      | 734 ||| UPGRADING to +2 kite shield.
   744 | D:1      | 744 ||| DROPPING +0 buckler.
   745 | D:1      | 745 ||| READING scroll labelled UREIZOAGRU.
   746 | D:1      | 746 ||| READING scroll labelled YGUHIN WEUGYOL.
   750 | D:1      | 750 ||| READING scroll labelled JUMEIKH HUDGH.
   750 | D:1      | Identified a scroll of acquirement
   750 | D:1      | 750 ||| ACQUIRING amulet of the acrobat
   750 | D:1      | Acquired an amulet of the acrobat
   752 | D:1      | 752 ||| UPGRADING to amulet of the acrobat.
   757 | D:1      | 757 ||| READING scroll labelled ICSYWK RITAONU.
   858 | D:1      | 858 ||| READING scroll labelled LICUUF RAOS.
   881 | D:2      | Noticed Natasha
   890 | D:2      | 890 ||| INVOKING Fiery Armour.
   890 | D:2      | Mangled by Natasha

Levels and vault maps discovered:
D:1:      dpeg_arrival_simpleton_c, layout_basic
D:2:      layout_rooms, serial_rivers, chequers_serial_rivers_room_b,
          chequers_serial_rivers_small_3, chequers_serial_rivers_small_a,
          chequers_serial_rivers_room_b, chequers_serial_rivers_micro_e,
          chequers_serial_rivers_large_b, basic_altar,
          wander_ebering_terrifying_dragon_lair, uniq_natasha,
          uniq_crazy_yiuf_cottage

Skill      XL: |  1 |
---------------+----+-----
Axes           | 3 |  3.6
Fighting       | |  3.2
Shields        | |  0.1
Spellcasting   | |  1.0
Fire Magic     | |  3.0

Action                     || total
---------------------------++-------
  Melee: Hand axe          ||    65
 Invoke: Fiery Armour      ||     1
    Use: Scroll            ||     5
 Armour: Robe              ||    18
  Dodge: Dodged            ||    32
  Block: Kite shield       ||     2

Table legend:
 A = Non-vault XP
 B = Vault XP
 C = Vault XP percentage of total XP
 D = Non-vault monster count
 E = Vault monster count
 F = Vault count percentage of total count
                 A         B        C        D         E       F
            +---------+---------+-------+---------+---------+-------
      Total |      30 |       0 |   0.0 |      19 |       0 |   0.0
            +---------+---------+-------+---------+---------+-------
        D:1 |      29 |       0 |   0.0 |      18 |       0 |   0.0
        D:2 |       1 |       0 |   0.0 |       1 |       0 |   0.0
            +---------+---------+-------+---------+---------+-------
